 Dungeon Sprint DCSS version 0.17-a0-755-g4391640 (webtiles) character file.

152 Trafet the Ruffian (level 5, -9/67 HPs)
             Began as a Troll Wizard on Apr 22, 2015.
             Was a Follower of Sif Muna.
             Mangled by a hill giant
             ... wielding a +0 giant club
              (24 damage)
             ... in the Dungeon (Sprint IX: "|||||||||||||||||||||||||||||").
             The game lasted 00:01:31 (138 turns).

Trafet the Ruffian (Troll Wizard)                    Turns: 138, Time: 00:01:31

Health: -9/67      AC:  7    Str: 23    XL:     5   Next: 11%
Magic:  7/7        EV:  9    Int: 15    God:    Sif Muna [*.....]
Gold:   0          SH:  0    Dex:  8    Spells: 1 memorised, 7 levels left

rFire  . . .     SeeInvis .       - Unarmed
rCold  . . .     Clarity  .     a - +0 robe
rNeg   . . .     SustAb   .     (no shield)
rPois  .         Gourm    +     b - +0 hat
rElec  .         Spirit   .     (no cloak)
rCorr  .         Warding  .     (gloves unavailable)
rMut   .         NoTele   +     (boots unavailable)
MR     .....                    (no amulet)
Stlth  ..........               r - +2 ring of protection
                                q - +3 ring of strength

@: berserking (expiring), very slightly contaminated, hasted, very quick, not
resistant to hostile enchantments, extremely unstealthy
A: unfitting armour, claws 3, fast metabolism 3, gourmand, regeneration 2,
shaggy fur 1, tough skin 2
a: Channel Energy, Renounce Religion


You were in the Dungeon.
You worshipped Sif Muna.
Sif Muna was aware of your devotion.
You were not hungry.

You visited 1 branch

Inventory:

Armour
 a - a +0 robe (worn)
 b - a +0 hat (worn)
Magical staves
 p - an uncursed staff of energy
Jewellery
 q - a +3 ring of strength (left claw)
 r - a +2 ring of protection (right claw)
Magical devices
 o - a wand of draining (7)
Scrolls
 j - 2 scrolls of blinking
 m - 3 scrolls of remove curse
 n - 2 scrolls of amnesia
Potions
 e - 5 potions of curing
 f - a potion of invisibility
 h - 4 potions of magic
 l - a potion of heal wounds
Books
 c - a book of Minor Magic

   Spells                             Type                      Level
   a - Magic Dart                     Conjuration                  1
   b - Blink                          Translocation                2
   c - Call Imp                       Summoning                    2
   d - Repel Missiles                 Charms/Air                   2
   e - Slow                           Hexes                        2
   f - Conjure Flame                  Conjuration/Fire             3
   g - Mephitic Cloud                 Conjuration/Poison/Air       3
Comestibles
 d - 2 bread rations
 k - a chunk of flesh


   Skills:
 - Level 1.5 Dodging
 - Level 1.1 Stealth
 - Level 7.0 Unarmed Combat
 - Level 2.0 Spellcasting
 + Level 5.6 Conjurations
   Level 0.6 Summonings
   Level 0.6 Translocations


You had 7 spell levels left.
You knew the following spells:

 Your Spells              Type           Power        Failure   Level  Hunger
a - Magic Dart            Conj           ###.         1%          1    #......


Dungeon Overview and Level Annotations

Branches:
Dungeon (1/1)

Altars:
Cheibriados
Dithmenos
Elyvilon
Fedhas
Gozag
Kikubaaqudgha
Makhleb
Nemelex Xobeh
Okawaru
Qazlal
Ru
Sif Muna
Trog
Vehumet
Xom
Yredelemnul
Zin
The Shining One
Beogh
Jiyva
Lugonu


Innate Abilities, Weirdness & Mutations

You are too large for most types of armour.
You have claws for hands.
Your metabolism is lightning-fast.
You like to eat raw meat.
You heal very quickly.
You are covered in fur (AC +1).
You have very tough skin (AC +2).


Message History

You claw the shadow imp!
The shadow imp is severely wounded.
You claw the shadow imp!
You kill the shadow imp!
You barely miss the hill giant.
The hill giant hits you with a giant club!!
* * * LOW HITPOINT WARNING * * *
You are too injured to fight recklessly!
You are too injured to fight recklessly!
You are too injured to fight recklessly!
You are too injured to fight recklessly!
You are too injured to fight recklessly!
You barely miss the hill giant. You claw the hill giant!
The hill giant begins to bleed from its wounds!
The hill giant is lightly wounded.
You scratch the hill giant but do no damage.
The hill giant is lightly wounded.
The hill giant hits you with a giant club!!
You die...

▓+▓
▓.▓
▓.▓
▓Z▓
▓C▓
▓@▓
▓.▓
▓'▓
▓.▓
▓.▓
▓[▓
▓[▓
▓[▓
▓)▓


You could see a hill giant (bleeding) and a ball python zombie.

Vanquished Creatures
  A sky beast (D)
  A worker ant (D)
  2 shadow imps (D)
  An ooze (D)
  An adder skeleton (D)
  2 adder zombies (D)
  An orc (D)
  A bat (D)
  A goblin (D)
  A jackal (D)
  A giant newt (D)
  A rat (D)
14 creatures vanquished.

Notes
Turn   | Place    | Note
--------------------------------------------------------------
     0 | D        | Trafet, the Troll Wizard, began the quest for the Orb.
     0 | D        | Reached XP level 1. HP: 16/16 MP: 2/2
     7 | D        | Reached skill level 1 in Conjurations
    13 | D        | Reached XP level 2. HP: 24/24 MP: 4/4
    23 | D        | Noticed a worker ant
    28 | D        | Reached skill level 3 in Unarmed Combat
    34 | D        | HP: 1/24 [worker ant (5)]
    39 | D        | Killed a worker ant
    39 | D        | Reached skill level 4 in Unarmed Combat
    39 | D        | Reached XP level 3. HP: 23/31 MP: 5/5
    60 | D        | Found a glowing silver altar of Zin.
    60 | D        | Found a glowing golden altar of the Shining One.
    60 | D        | Found an ancient bone altar of Kikubaaqudgha.
    60 | D        | Found a basalt altar of Yredelemnul.
    60 | D        | Found a shimmering altar of Xom.
    60 | D        | Found a radiant altar of Vehumet.
    60 | D        | Found an iron altar of Okawaru.
    61 | D        | Found a burning altar of Makhleb.
    62 | D        | Found a deep blue altar of Sif Muna.
    63 | D        | Found a bloodstained altar of Trog.
    64 | D        | Found a sparkling altar of Nemelex Xobeh.
    65 | D        | Found a white marble altar of Elyvilon.
    66 | D        | Found a roughly hewn altar of Beogh.
    67 | D        | Found a viscous altar of Jiyva.
    68 | D        | Found a corrupted altar of Lugonu.
    69 | D        | Found a blossoming altar of Fedhas.
    70 | D        | Found a snail-covered altar of Cheibriados.
    71 | D        | Became a worshipper of Sif Muna the Loreminder
    72 | D        | Found a shadowy altar of Dithmenos.
    73 | D        | Found a stormy altar of Qazlal.
    74 | D        | Found an opulent altar of Gozag.
    75 | D        | Found a sacrificial altar of Ru.
   105 | D        | Noticed a hill giant
   105 | D        | Noticed a sky beast
   119 | D        | Killed a sky beast
   119 | D        | Acquired Sif Muna's first power
   119 | D        | Reached skill level 7 in Unarmed Combat
   119 | D        | Reached skill level 5 in Conjurations
   119 | D        | Reached XP level 4. HP: 37/39 MP: 6/6
   119 | D        | Reached XP level 5. HP: 42/45 MP: 7/7
   138 | D        | Mangled by a hill giant

Action                   |  1- 3 |  4- 6 || total
-------------------------+-------+-------++-------
Melee: Unarmed           |    44 |    18 ||    62
  Use: Potion            |     4 |       ||     4
